 Dungeon Crawl Stone Soup version 0.21.1-1-g345015f (webtiles) character file.

2561 xccam the Carver (level 9, -1/81 HPs)
             Began as a Minotaur Monk on Mar 27, 2018.
             Engulfed by a cloud of freezing vapour (14 damage)
             ... on level 6 of the Dungeon.
             The game lasted 00:12:50 (6473 turns).

xccam the Carver (Minotaur Monk)                    Turns: 6473, Time: 00:12:51

Health: -1/81      AC:  8    Str: 20    XL:     9   Next: 31%
Magic:  7/7        EV: 12    Int:  7    God:
Gold:   292        SH:  0    Dex: 12    Spells: 8/8 levels left

rFire    . . .     SeeInvis .   a - +0 falchion
rCold    + . .     Gourm    .   (no shield)
rNeg     . . .     Faith    .   s - +0 ring mail
rPois    .         Spirit   .   (helmet restricted)
rElec    .         Reflect  .   (no cloak)
rCorr    .         Harm     .   (no gloves)
MR       .....                  (no boots)
Stlth    +.........             (no amulet)
HPRegen  0.23/turn              n - ring of protection from cold
MPRegen  0.10/turn              (no ring)

@: drained
A: retaliatory headbutt, hooves 1, horns 2, molten scales 1, low mp 1, wild
magic 1
a: no special abilities


You were on level 6 of the Dungeon.
You were hungry.

You visited 1 branch of the dungeon, and saw 6 of its levels.
You also visited: Ossuary.

You collected 292 gold pieces.

Inventory:

Hand Weapons
 a - a +0 falchion (weapon)
Armour
 j - a +0 shield
 o - a +0 crystal plate armour
 s - a +0 ring mail (worn)
 A - a +0 buckler
Jewellery
 n - a ring of protection from cold (left hand)
 C - an uncursed ring of ice {unknown}
Wands
 k - a wand of paralysis (21)
 B - a wand of polymorph (21)
Scrolls
 b - a scroll of fog {unknown}
 e - 14 scrolls of identify {unknown}
 f - a scroll of enchant armour {unknown}
 g - 3 scrolls of teleportation {unknown}
 h - 2 scrolls of amnesia {unknown}
 i - 3 scrolls of remove curse {unknown}
 p - a scroll of blinking {unknown}
 u - a scroll of summoning {unknown}
 x - a scroll of enchant weapon {unknown}
 y - a scroll of noise {unknown}
Potions
 d - a potion of heal wounds
 l - a potion of berserk rage {unknown}
 m - a potion of brilliance {unknown}
 q - a potion of resistance {unknown}
 r - 2 potions of flight
 t - a potion of mutation
 v - 3 potions of curing
 w - 2 potions of might {unknown}
 z - a potion of haste {unknown}
Comestibles
 c - 6 rations


   Skills:
 + Level 8.1(7.3) Fighting
 + Level 11.5(10.6) Long Blades
 + Level 7.1(6.3) Armour
 - Level 3.2(2.6) Dodging
 - Level 1.5(0.9) Stealth


You had 8 spell levels left.
You didn't know any spells.

Dungeon Overview and Level Annotations

Branches:
Dungeon (6/15)
 Temple: D:4-7

Altars:
Qazlal
Trog

Shops:
D:5 :


Innate Abilities, Weirdness & Mutations

You reflexively headbutt those who attack you in melee.
You have a pair of horns on your head.
You have large cloven feet.
You are partially covered in molten scales. (AC +2)
Your magical capacity is low. (-10% MP)
Your spells are a little harder to cast, but a little more powerful.


Message History

You see here a buckler.
A - a buckler You open the door.
Really walk into a travel-excluded area? [Y]es or [N]o only, please.
Really walk into a travel-excluded area? [Y]es or [N]o only, please.
Really walk into a travel-excluded area?
There is an open door here.
You are engulfed in freezing vapours.
You resist.
You are engulfed in freezing vapours.
You resist.
You are engulfed in freezing vapours.
You resist.
You are engulfed in freezing vapours.
You resist.
You are engulfed in freezing vapours.
You resist.
You are engulfed in freezing vapours.
You resist.
* * * LOW HITPOINT WARNING * * *
You are engulfed in freezing vapours.
You resist.
* * * LOW HITPOINT WARNING * * *
You are engulfed in freezing vapours.
You resist.
You die...

#.#.# #...# #.# #########.# #.#.#
# #...######.###########.#
#.#<####.##...............†..)...
#...................###########.#
.........##.######### #.#
.##########.###################.#
.# #..........................#
.# #......#################8'8#
.#####......#.§§@§§§§§......§§..#
............#.###################
.........#..#........§§§§§§§$$$$#
.÷.......#..#####################
.........#...............#######.
#........#.#############.# ####.
##.......#.# #.# #(...
#.#######.# #.## #.... #...###
#.# #####..###....


There were no monsters in sight!

Vanquished Creatures
  Pikel (D:4)
  A sky beast (D:5)
  4 slaves
  An ogre (D:4)
  2 ice beasts (D:6)
  A phantom (D:4)
  9 scorpions
  4 wights (D:6)
  A crimson imp (D:5)
  3 centaur zombies
  A hound (D:6)
  A human zombie (Ossuary)
  3 orc priests
  A jelly (D:5)
  4 orc wizards
  10 worker ants
  Ijyb (D:4)
  2 big kobold zombies (Ossuary)
  3 mummies (Ossuary)
  3 gnolls (D:6)
  5 scorpion zombies (Ossuary)
  10 adders
  A shadow imp (D:5)
  2 oozes
  An adder skeleton (D:5)
  A worm (D:2)
  2 dart slugs (D:1)
  5 leopard geckos
  21 orcs
  6 giant cockroaches
  8 goblins
  5 hobgoblins
  9 jackals
  4 kobolds
  A quokka (D:4)
  7 bats
  4 frilled lizards
  A gnoll zombie (Ossuary)
  A goblin zombie (Ossuary)
  A hobgoblin zombie (Ossuary)
  3 kobold zombies (Ossuary)
  An orc zombie (Ossuary)
  3 rats (D:1)
158 creatures vanquished.

Vanquished Creatures (others)
  A scorpion (Ossuary)
1 creature vanquished.

Grand Total: 159 creatures vanquished

Notes
Turn   | Place    | Note
-------+----------+-------------------------------------------
     0 | D:1      | xccam the Minotaur Monk began the quest for the Orb.
     0 | D:1      | Reached XP level 1. HP: 19/19 MP: 0/0
   143 | D:1      | Reached skill level 4 in Long Blades
   340 | D:1      | Reached XP level 2. HP: 22/26 MP: 1/1
   825 | D:1      | Reached skill level 5 in Long Blades
   953 | D:1      | Reached XP level 3. HP: 31/31 MP: 2/2
  1607 | D:2      | Reached XP level 4. HP: 34/39 MP: 3/3
  1691 | D:2      | Found a bloodstained altar of Trog.
  1708 | D:2      | Reached skill level 6 in Long Blades
  2257 | D:3      | Reached XP level 5. HP: 44/45 MP: 4/4
  2270 | D:3      | Reached skill level 7 in Long Blades
  2605 | D:4      | Noticed a water elemental
  2607 | D:4      | Found a stormy altar of Qazlal.
  2608 | D:4      | Noticed an air elemental
  2608 | D:4      | Noticed a fire elemental
  2688 | D:4      | Noticed an ogre
  2692 | D:4      | Gained mutation: Your magical capacity is low. (-10% MP) [potion of mutation]
  2692 | D:4      | Gained mutation: You are partially covered in molten scales. (AC +2) [potion of mutation]
  2692 | D:4      | Gained mutation: You have large cloven feet. [potion of mutation]
  2692 | D:4      | Gained mutation: Your spells are a little harder to cast, but a little more powerful. [potion of mutation]
  2697 | D:4      | Killed an ogre
  2697 | D:4      | Reached skill level 8 in Long Blades
  2697 | D:4      | Reached XP level 6. HP: 9/51 MP: 4/4
  3144 | D:4      | Noticed Ijyb
  3154 | D:4      | Killed Ijyb
  3212 | D:4      | Reached skill level 9 in Long Blades
  3274 | D:4      | Noticed a slave
  3274 | D:4      | Noticed a slave
  3275 | D:4      | Noticed a slave
  3276 | D:4      | Noticed Pikel
  3276 | D:4      | Noticed a slave
  3303 | D:4      | Killed a slave
  3387 | D:3      | Killed a slave
  3637 | D:3      | Killed a slave
  3643 | D:3      | Reached skill level 1 in Armour
  3652 | D:3      | Killed a slave
  4060 | D:4      | Reached XP level 7. HP: 58/58 MP: 5/5
  4252 | D:4      | Killed Pikel
  4252 | D:4      | Reached skill level 5 in Fighting
  4252 | D:4      | Reached skill level 10 in Long Blades
  4252 | D:4      | Reached XP level 8. HP: 42/69 MP: 6/6
  4315 | D:5      | Entered Level 5 of the Dungeon
  4469 | D:5      | Found a sand-covered staircase.
  4474 | Ossuary  | Entered an ossuary
  4754 | Ossuary  | Reached skill level 5 in Armour
  5520 | D:5      | Reached skill level 11 in Long Blades
  5578 | D:5      | Found Rahiobot's Book Boutique.
  5658 | D:5      | Reached XP level 9. HP: 76/79 MP: 7/7
  6473 | D:6      | Engulfed by a cloud of freezing vapour

Skill      XL: |  1  2  3  4  5  6  7  8  9 |
---------------+----------------------------+-----
Long Blades    | 4 5 6 8 9 10 11 | 11.5
Armour         | 1 3 6 7 |  7.1
Fighting       | 5 7 8 |  8.1
Dodging        | |  3.2
Stealth        | |  1.5

Action                   |  1- 3 |  4- 6 |  7- 9 || total
-------------------------+-------+-------+-------++-------
Melee: Falchion          |    66 |   143 |   315 ||   524
       Headbutt          |    18 |    36 |    82 ||   136
       Kick              |       |    36 |   109 ||   145
  Use: Potion            |       |     6 |     2 ||     8
 Stab: Sleeping          |     3 |     1 |       ||     4
       Invisible         |       |       |     5 ||     5
  Eat: Chunk             |     2 |     7 |     5 ||    14
       Ration            |       |       |     1 ||     1
Armor: Robe              |    18 |     1 |       ||    19
       Leather armour    |       |    19 |    10 ||    29
       Ring mail         |       |       |    74 ||    74
Dodge: Dodged            |    59 |    98 |   123 ||   280
       Rpst.: Falchion   |    20 |    28 |    36 ||    84
